 Dungeon Crawl Stone Soup version 0.30-a0-748-ge6a52f7cba (webtiles) character file.

Game seed: 6788800887536213286

73 Dittersdorf the Covered (level 4, 0/29 HPs)
             Began as a Gargoyle Fighter on Feb 8, 2023.
             Slain by a gnoll
             ... wielding a +1 whip of venom
              (4 damage)
             ... on level 4 of the Dungeon.
             The game lasted 00:01:35 (1684 turns).

Dittersdorf the Covered (Gargoyle Fighter)          Turns: 1684, Time: 00:01:35

Health: 0/29       AC: 10    Str: 21    XL:     4   Next: 27%
Magic:  4/4        EV:  9    Int:  9    God:
Gold:   83         SH:  4    Dex:  9    Spells: 3/3 levels left

rFire   . . .      SeeInvis +    a - +0 flail
rCold   . . .      Faith    .    c - +0 buckler
rNeg    + . .      Spirit   .    b - +0 scale mail
rPois   ∞          Reflect  .    (no helmet)
rElec   +          Harm     .    (no cloak)
rCorr   .          Rampage  .    (no gloves)
Will    .....                    (no boots) Stlth
                                 (no amulet)
HPRegen 0.24/turn                k - ring of see invisible
MPRegen 0.09/turn                (no ring)

@: no status effects
A: sickness immunity, AC +3, negative energy resistance 1, electricity
resistance, torment resistance 1, petrification resistance
a: no special abilities


You were on level 4 of the Dungeon.
You visited 1 branch of the dungeon, and saw 3 of its levels.

You collected 83 gold pieces.

Inventory:

Hand Weapons
 a - a +0 flail (weapon)
Armour
 b - a +0 scale mail (worn)
 c - a +0 buckler (worn)
Jewellery
 k - a ring of see invisible (left hand)
Scrolls
 e - a scroll of enchant weapon {unknown}
 f - a scroll of noise {unknown}
 h - a scroll of vulnerability {unknown}
 i - a scroll of brand weapon {unknown}
 m - a scroll of immolation {unknown}
 q - a scroll of fear {unknown}
Potions
 d - a potion of might
 g - a potion of heal wounds {unknown}
 j - 2 potions of degeneration {unknown}
 l - a potion of mutation {unknown}
 n - a potion of haste {unknown}
 o - a potion of brilliance {unknown}
 p - 2 potions of curing {unknown}


   Skills:
 + Level 3.9 Fighting
 + Level 2.7 Maces & Flails
 + Level 4.0 Armour
 + Level 3.9 Shields


You had 3 spell levels left.
You didn't know any spells.
Your spell library was empty.

Dungeon Overview and Level Annotations

Branches:
Dungeon (2/15)

Altars:


Innate Abilities, Weirdness & Mutations

You are immune to sickness and miasma.
Your stone body is resilient. (AC +3)
You are immune to poison.
You resist negative energy. (rN+)
You are resistant to electric shocks. (rElec)
You are resistant to unholy torment.
You are immune to petrification.


Message History

You closely miss the gnoll.
The gnoll is moderately wounded.
The gnoll closely misses you.
The gnoll hits you with a +1 whip of venom.
The gnoll hits you but does no damage. The gnoll hits you with a +0 whip.
You barely miss the gnoll.
The gnoll is moderately wounded.
You block the gnoll's attack.
You barely miss the gnoll. You sock the gnoll!
The gnoll is almost dead.
You block the gnoll's attack.
The gnoll hits you but does no damage. x2
You closely miss the gnoll.
The gnoll is severely wounded.
The gnoll barely misses you.
The gnoll hits you with a +1 whip of venom.
The gnoll closely misses you.
The gnoll hits you with a +1 whip of venom.
The gnoll hits you with a +0 whip.
* * * LOW HITPOINT WARNING * * *
The gnoll hits you with a +0 whip.
* * * LOW HITPOINT WARNING * * *
You are too injured to fight recklessly!
You are too injured to fight recklessly!
You are too injured to fight recklessly!
You are too injured to fight recklessly!
You are too injured to fight recklessly!
You are too injured to fight recklessly!
You are too injured to fight recklessly!
You are too injured to fight recklessly!
You are too injured to fight recklessly!
You are too injured to fight recklessly!
You are too injured to fight recklessly!
You are too injured to fight recklessly!
You barely miss the gnoll.
The gnoll is severely wounded.
The gnoll hits you with a +0 whip.
* * * LOW HITPOINT WARNING * * *
The gnoll hits you with a +1 whip of venom.
You die...

#.....#
###.....##
##........##
....##.....##
#######...).###
##.#....###
####.....### #
##./....#..###
##...@g.....#
##..gg...#..
##.........
##........
.........
..##..... ###
##..# ...


You could see 3 gnolls.

Vanquished Creatures
  An adder (D:2)
  A gnoll (D:4)
  A worm (D:2)
  A dart slug (D:2)
  2 ball pythons
  2 endoplasms
  A giant cockroach (D:2)
  6 goblins
  8 hobgoblins
  4 jackals
  A quokka (D:2)
  4 bats
  A frilled lizard (D:2)
  5 kobolds
  7 rats
45 creatures vanquished.

Notes
Turn   | Place    | Note
-------+----------+-------------------------------------------
     0 | D:1      | Dittersdorf the Gargoyle Fighter began the quest for the
                  | Orb.
     0 | D:1      | Reached XP level 1. HP: 14/14 MP: 1/1
   169 | D:1      | Reached XP level 2. HP: 18/19 MP: 2/2
   703 | D:1      | Reached XP level 3. HP: 24/24 MP: 3/3
  1478 | D:2      | Reached XP level 4. HP: 29/29 MP: 4/4
  1613 | D:2      | You fall into a shaft and drop 2 floors!
  1614 | D:4      | yay!
  1659 | D:4      | Reached skill level 4 in Armour
  1684 | D:4      | Slain by a gnoll

Illustrated notes

......
....#
....#
....#
#...#
#...#
#...#
#@..#
#....#
#...?.#
.........
.........
##........
#..#.....
#.###....


Turn 1614 on D:4: yay!

Levels and vault maps discovered:
D:1:      lemuel_arrival_funnel, layout_loops_corners, serial_glass,
          glass_columns_b, glass_columns_a, due_unseen_surprise,
          feat_on_display, grunt_decor_mini_mirrors
D:2:      layout_basic, nrook_mini_backslash, grunt_decor_clamped
D:4:      minmay_inner_zag, layout_layer_cave, trog_three_pillars_becter,
          vehumet_altar_wand_db

Skill      XL: |  1  2  3  4 |
---------------+-------------+-----
Armour         | 4 |  4.0
Fighting       | |  3.9
Maces & Flails | |  2.7
Shields        | |  3.9

Action                     |  1- 3 |  4- 6 || total
---------------------------+-------+-------++-------
  Melee: Flail             |   145 |    20 ||   165
 Armour: Scale mail        |    81 |     8 ||    89
  Dodge: Dodged            |    64 |     6 ||    70
  Block: Buckler           |    30 |     3 ||    33

Table legend: (Time is in decaauts)
 A = Elapsed time spent in this place.
 B = Non-inter-level travel time spent in this place.
 C = Inter-level travel time spent in this place.
 D = Time resting spent in this place.
 E = Time spent auto-exploring this place.
 F = Levels seen in this place.
 G = Mean time per level.
                   A        B        C        D        E       F      G
               +--------+--------+--------+--------+--------+-----+--------+
         Total |   1736 |   1676 |     60 |      0 |   1312 |   3 |  578.7 |
       Dungeon |   1736 |   1676 |     60 |      0 |   1312 |   3 |  578.7 |
               +--------+--------+--------+--------+--------+-----+--------+

Top non-repeatable levels by time:
     D:1: 1000 daAuts
     D:2: 661 daAuts
     D:4: 74 daAuts
